Cogmind - Beta 14 @@@ ROGUE MODE // 2024.11.21 @ 20:14:20 Player: jimmyl Result: Destroyed by L-31 Rogue with Katana Performance ------------- Evolutions (1) 500 Regions Visited (3) 600 Robots Destroyed (64) 320 Value Destroyed (1515) 1515 Prototype IDs (3) 60 Alien Tech Used (0) 0 Bonus (129) 129 TOTAL SCORE: 3124 Bonus ------- High Alert Combat Kills 54 Follower Combat Kills 147 Friendly Fire -72 Cogmind --------- Core Integrity 0/400 Matter 230/300 Energy 100/100 System Corruption 0% Temperature Cool (56) Movement Treading (490) Ox4 Location -9/Materials Parts ------- > --- POWER (1) -------- (None) > --- PROPULSION (2) --- Armored Treads > --- UTILITY (4) ------ Huge Storage Unit > --- WEAPON (2) ------- Pulse Rifle > --- INVENTORY (25) --- Heavy Ion Engine Heavy Ion Engine Armored Treads Armored Treads Armored Treads Armored Wheel Armored Wheel Cooling System Signal Interpreter Targeting Computer Recoil Stabilizer Hardened Light Armor Plating Hacking Suite Heavy EM Pulse Gun Improved EM Shotgun Pulse Rifle Pulse Rifle Rocket Launcher Mini Grenade Launcher Makeshift Hammer Peak State ------------ > --- POWER ------------ Heavy Ion Engine > --- PROPULSION ------- Armored Treads Armored Wheel > --- UTILITY ---------- Cooling System Huge Storage Unit Improved Targeting Computer Medium Armor Plating > --- WEAPON ----------- Pulse Rifle Advanced EMP Blaster > --- INVENTORY -------- Heavy Ion Engine Heavy Ion Engine Armored Treads Armored Treads Armored Treads Armored Wheel Armored Wheel Cooling System Signal Interpreter Targeting Computer Recoil Stabilizer Medium Armor Plating Hardened Light Armor Plating Hacking Suite Heavy EM Pulse Gun Improved EM Shotgun Pulse Rifle Pulse Rifle Pulse Rifle Rocket Launcher Mini Grenade Launcher Makeshift Hammer [Rating: 27] Favorites ----------- Power Ion Engine Engine Ion Engine Propulsion Light Treads Treads Light Treads Leg Aluminum Leg Wheel Wheel Utility Huge Storage Unit Device Cooling System Storage Huge Storage Unit Processor Targeting Computer Protection Medium Armor Plating Weapon Medium Laser Energy Gun Medium Laser Ballistic Gun Light Assault Rifle Ballistic Cannon Light Cannon Launcher Advanced EMP Blaster Build | -11 -10 -10 -9 ------- Run | Yrd Mat Min Mat Slots Evolved 2 | . . . 2 Power . | . . . . Propulsion . | . . . . Utility 2 | . . . 2 Weapon . | . . . . Parts Attached 40 | . 10 3 27 Power 5 | . 1 1 3 Engine 5 | . 1 1 3 Core . | . . . . Reactor . | . . . . Propulsion 11 | . 5 2 4 Treads 7 | . 4 1 2 Leg . | . . . . Wheel 4 | . 1 1 2 Hover . | . . . . Flight . | . . . . Utility 10 | . 2 . 8 Device 3 | . . . 3 Storage 1 | . 1 . . Processor 2 | . 1 . 1 Hackware . | . . . . Protection 4 | . . . 4 Artifact . | . . . . Weapon 14 | . 2 . 12 Energy Gun 9 | . . . 9 Energy Cannon . | . . . . Ballistic Gun . | . . . . Ballistic Cannon 2 | . 2 . . Launcher 3 | . . . 3 Special Weapon . | . . . . Impact Weapon . | . . . . Slashing Weapon . | . . . . Piercing Weapon . | . . . . Special Melee Weapon . | . . . . Unidentified Prototypes 3 | . . . 3 Parts Lost 12 | . . 3 9 Power 3 | . . 1 2 Propulsion 4 | . . 2 2 Utility 4 | . . . 4 Weapon 1 | . . . 1 Highest Loss Streak 6 | . . 3 6 To Critical Strikes . | . . . . Average Slot Usage (%) 98 | . 98 99 97 Engine 12 | . 13 13 10 Treads 13 | . 16 14 11 Wheel 11 | . 9 14 10 Device 5 | . . . 11 Storage 12 | . 14 14 11 Processor 12 | . 13 14 10 Protection 4 | . . . 9 Energy Gun 17 | . 14 14 21 Ballistic Cannon 7 | . 12 14 . Peak Build Rating 27 | . 8 8 27 Average Rating 12 | . 7 7 18 On Entrance 7 | 6 6 8 8 Naked Turns . | . . . . Heaviest Build 103 | 13 90 90 103 Greatest Support 40 | 20 40 10 20 Greatest Overweight (x) 10 | . 8 8 10 Average Overweight (x) 7 | . 5 8 8 Largest Inventory Capacity 25 | . 25 25 25 Average Capacity 23 | . 20 25 25 Most Carried 22 | . 11 11 22 Average Carried 12 | . 7 8 16 Final Capacity 25 | 8 25 25 25 Final Carried 20 | 6 11 10 20 Class Distribution -------------------- 88% | Mutant 11% | Scavenger-Mutant Dominant Class ---------------- Mutant | -10/Materials Mutant | -10/Mines Mutant | -9/Materials Resources | -11 -10 -10 -9 ----------- Run | Yrd Mat Min Mat Matter Collected 881 | 179 294 163 245 Remotely . | . . . . Salvage Created 2065 | . 472 64 1529 Parts 132 | . 37 7 88 Haulers Intercepted 6 | . 1 . 5 Recyclers Shooed 2 | . 1 . 1 Parts Field Recycled . | . . . . Retrieved Matter . | . . . . Parts Self-Destructed . | . . . . Prevented . | . . . . Kills | -11 -10 -10 -9 ------- Run | Yrd Mat Min Mat Combat Hostiles Destroyed 40 | . 9 3 28 Guns 29 | . 4 3 22 Cannons 5 | . 5 . . AOE 4 | . . . 4 Classes Destroyed 12 | . 6 2 4 Worker 3 | . 1 . 2 Builder 2 | . 1 . 1 Tunneler 1 | . . 1 . Hauler 6 | . 1 . 5 Recycler 1 | . . . 1 Mechanic 1 | . . . 1 Operator 2 | . 1 1 . Watcher 8 | . 3 . 5 Swarmer 10 | . . 2 8 Grunt 23 | . 9 1 13 Duelist 1 | . . . 1 Sentry 6 | . . . 6 Best Kill Streak 9 | . 3 2 9 Combat Bots Only 4 | . 2 2 4 Max Kills in Single Turn 3 | . 1 1 3 Gunslinging . | . . . . Exploded 2 | . . . 2 Melee . | . . . . Uniques/NPCs Destroyed . | . . . . Combat | -11 -10 -10 -9 -------- Run | Yrd Mat Min Mat Hostile Shots Fired 240 | . 40 31 169 Missed 71 | . 16 6 49 Damage Taken 2533 | . 330 251 1952 Core 530 | . 80 38 412 Absorbed by Shields . | . . . . Core Remaining (%) 76 | 100 . 52 . Volleys Fired 168 | . 53 20 95 Largest 2 | . 2 2 2 Hottest 126 | . 85 85 126 Shots Fired 323 | . 104 40 179 Gun 260 | . 67 20 173 Cannon 57 | . 37 20 . Launcher 6 | . . . 6 Special . | . . . . Kinetic 73 | . 53 20 . Thermal 244 | . 51 20 173 Explosive . | . . . . Electromagnetic 6 | . . . 6 Robot Hit Streak 16 | . 10 7 16 Robot Miss Streak 5 | . 4 5 3 Penetration Max . | . . . . Secondary Targets 3 | . . . 3 Max Gunslinging Chain 1 | . . . 1 Shots Hit Robots 227 | . 69 24 134 Core Hits 90 | . 28 7 55 Critical Kills . | . . . . Critical Parts Destroyed . | . . . . Critical Strikes 18 | . 4 1 13 Burn 16 | . 2 1 13 Blast 2 | . 2 . . Melee Attacks . | . . . . Impact . | . . . . Slashing . | . . . . Piercing . | . . . . Sneak Attacks . | . . . . Combat Hostiles . | . . . . Follow-up Attacks . | . . . . Damage Inflicted 4317 | . 975 396 2946 Guns 2742 | . 476 166 2100 Cannons 715 | . 485 230 . Explosions 846 | . . . 846 Melee . | . . . . Ramming 14 | . 14 . . Kinetic 786 | . 556 230 . Thermal 2792 | . 405 166 2221 Explosive . | . . . . Electromagnetic 725 | . . . 725 Impact . | . . . . Slashing . | . . . . Piercing . | . . . . Highest Corruption 5 | . 5 5 . Average Corruption 4 | . 4 5 . Corruption Purged . | . . . . Corruption Blocked . | . . . . Effects 64 | . 30 34 . Message Errors 16 | . 6 10 . Matter Fused 16 | . 9 7 . Heat Flow Errors 8 | . 2 6 . Energy Discharges 8 | . 4 4 . Data Loss (minor) 10 | . 5 5 . Data Loss (major) 3 | . 1 2 . Misfires 1 | . 1 . . Alerts 2 | . 2 . . Overload Shots . | . . . . Overflow Damage 12 | . . 10 2 Projectiles 10 | . . 10 . Explosions 2 | . . . 2 Melee . | . . . . Knockbacks 8 | . 4 4 . Impact . | . . . . Kinetic 8 | . 4 4 . Secondary . | . . . . Self-Inflicted Damage 71 | . 6 . 65 Shots 3 | . . . 3 Rammed 3 | . 3 . . Targets Rammed 3 | . 3 . . Kicked . | . . . . Crushed . | . . . . Highest Temperature 285 | . 213 285 186 Average Temperature 72 | . 65 109 46 Received Heat Transfer 744 | . 180 81 483 Siege Activations . | . . . . Robots Corrupted . | . . . . Combat Hostiles . | . . . . Parts Fried 2 | . . . 2 Impact Corruptions . | . . . . Robots Melted 3 | . . . 3 Combat Hostiles 2 | . . . 2 Parts Melted 19 | . 2 2 15 Heat Transferred 7886 | . 1332 555 5999 Parts Sabotaged . | . . . . Parts Stolen . | . . . . Parts Stripped . | . . . . Power Chain Reactions 3 | . . . 3 Alert | -11 -10 -10 -9 ------- Run | Yrd Mat Min Mat Peak Influence 540 | . 169 111 540 Initial . | . . . . Average 103 | . 46 22 180 Maximum Alert Level 2 | . . . 2 Low Security (%) 80 | . 100 100 57 Level 1 13 | . . . 28 Level 2 6 | . . . 14 Level 3 . | . . . . Level 4 . | . . . . Level 5 . | . . . . High Security . | . . . . Max Security . | . . . . Squads Dispatched 6 | . 1 . 5 Investigation 1 | . . . 1 Extermination . | . . . . Reinforcement 3 | . 1 . 2 Assault 2 | . . . 2 Garrison . | . . . . Intercept . | . . . . Searches Triggered . | . . . . Construction Impeded 2 | . . . 2 Haulers Reinforced . | . . . . Active Scanning Responses . | . . . . Cargo Convoy Interrupts . | . . . . Stealth | -11 -10 -10 -9 --------- Run | Yrd Mat Min Mat Distress Signals 4 | . 3 . 1 Communications Jammed . | . . . . Distress Signals . | . . . . Times Spotted 76 | . 24 6 46 Peak Tracking Total 5 | . 4 3 5 Tactical Retreats 4 | . 2 . 2 Traps | -11 -10 -10 -9 ------- Run | Yrd Mat Min Mat Traps Triggered 4 | . 4 . . Indirectly . | . . . . Trap Hack Attempts . | . . . . Triggered . | . . . . Disarmed . | . . . . Reprogrammed . | . . . . Reused . | . . . . Traps Extracted . | . . . . Installed . | . . . . Triggered . | . . . . Machines | -11 -10 -10 -9 ---------- Run | Yrd Mat Min Mat Machines Disabled 3 | . . 1 2 Max in Single Turn 1 | . . 1 1 Machines Repaired . | . . . . Machines Dismantled . | . . . . Machines Sabotaged . | . . . . Overloaded Fab Kills . | . . . . Hacking | -11 -10 -10 -9 --------- Run | Yrd Mat Min Mat Machines Accessed 6 | . 4 . 2 Terminals 6 | . 4 . 2 Fabricators . | . . . . Repair Stations . | . . . . Recycling Units . | . . . . Scanalyzers . | . . . . Garrison Access . | . . . . Total Hacks 12 | . 8 . 4 Successful 5 | . 3 . 2 Failed 6 | . 4 . 2 Catastrophic . | . . . . Database Lockouts 1 | . 1 . . Manual 9 | . 6 . 3 Terminals 12 | . 8 . 4 Fabricators . | . . . . Repair Stations . | . . . . Recycling Units . | . . . . Scanalyzers . | . . . . Garrison Access . | . . . . Terminal Hacks 4 | . 2 . 2 Robot Analysis 2 | . 1 . 1 Branch Access Points 1 | . 1 . . Hauler Manifests 1 | . . . 1 Fabricator Hacks . | . . . . Repair Station Hacks . | . . . . Recycling Unit Hacks . | . . . . Scanalyzer . | . . . . Garrison Access Hacks . | . . . . Unauthorized Hacks 1 | . 1 . . Terminals 1 | . 1 . . Assimilate 1 | . 1 . . Fabricators . | . . . . Repair Stations . | . . . . Recycling Units . | . . . . Scanalyzers . | . . . . Garrison Access . | . . . . Data Cores Recovered . | . . . . Used . | . . . . Hacking Detections 5 | . 3 . 2 Full Trace Events 1 | . 1 . . Feedback Events 1 | . 1 . . Corruption 1 | . 1 . . Feedback Blocked . | . . . . Robot Schematics Acquired . | . . . . Robots Built . | . . . . Authchips . | . . . . Time . | . . . . Total Robot Build Rating . | . . . . Part Schematics Acquired . | . . . . Parts Built . | . . . . Authchips . | . . . . Time . | . . . . Total Part Build Rating . | . . . . Parts Repaired . | . . . . Time . | . . . . Parts Recycled . | . . . . Recycled Matter . | . . . . Retrieved Matter . | . . . . Retrieved Components . | . . . . Parts Scanalyzed . | . . . . Part Schematics Acquired . | . . . . Parts Damaged . | . . . . Bothacking | -11 -10 -10 -9 ------------ Run | Yrd Mat Min Mat Used RIF Installer . | . . . . Robots Hacked . | . . . . Non-combat . | . . . . Combat . | . . . . Robot Hacks Applied . | . . . . Relay Couplers Released . | . . . . Fabnet Peak Effective % . | . . . . Robots Rewired . | . . . . Allies Hacked . | . . . . Hacks Repelled . | . . . . Allies | -11 -10 -10 -9 -------- Run | Yrd Mat Min Mat Total Allies 3 | . 1 2 . Largest Group 2 | . 1 2 1 Highest-Rated Group 47 | . 10 47 31 Highest-Rated Ally 31 | . 10 31 31 Total Orders . | . . . . Ally Attacks 21 | . . 9 12 Total Damage 297 | . . 128 169 Kills 7 | . . 4 3 Allies Corrupted . | . . . . Allies Melted . | . . . . Intel | -11 -10 -10 -9 ------- Run | Yrd Mat Min Mat Robot Analysis Total 2 | . 1 . 1 Derelict Logs Recovered 2 | . . 2 . Drone Launches . | . . . . Drone Recoveries . | . . . . Exploration | -11 -10 -10 -9 ------------- Run | Yrd Mat Min Mat Turns Passed 5290 | . 1535 1288 2467 Spaces Moved 2266 | 1 696 604 965 Core . | . . . . Treads 167 | . 166 . 1 Legs 41 | 1 40 . . Wheels 2058 | . 490 604 964 Hover . | . . . . Flight . | . . . . Fastest Speed 120 | 120 120 200 200 Average Speed 201 | 120 186 200 214 Slowest Speed 490 | 120 480 200 490 Overloaded Moves . | . . . . Propulsion Burnouts . | . . . . Robots Hopped . | . . . . Cave-ins Triggered . | . . . . Exploration Rate (%) 70 | 2 96 98 86 Regions Visited 3 Branch Regions 1 Pre-discovered Areas 1 | . . 1 . Known Exits Taken 1 | . 1 . . Unknown Exits Taken 2 | 1 . 1 . Scrap Searched 1 | . . 1 . Spaces Dug . | . . . . Terrain Destroyed 6 | . . . 6 Melee . | . . . . Projectile . | . . . . AOE 6 | . . . 6 Terrain Rammed . | . . . . Walls Destroyed . | . . . . Machines Disabled . | . . . . Actions | -11 -10 -10 -9 --------- Run | Yrd Mat Min Mat Total 2658 | . 829 645 1184 Wait 127 | . 59 17 51 Move 2263 | . 695 603 965 Hop . | . . . . Pick Up 34 | . 6 2 26 Fast Attach 19 | . 6 . 13 Attach 13 | . 2 3 8 Detach 1 | . . . 1 Swap 8 | . 2 . 6 Drop 22 | . 3 . 19 Fire 168 | . 53 20 95 Melee . | . . . . Ram 3 | . 3 . . Kick . | . . . . Crush . | . . . . Escape Stasis . | . . . . Rewire . | . . . . Trap . | . . . . Miscellaneous . | . . . . Route ------- -11/Scrapyard -10/Materials (discovered 4 exits: *Mat x3 / *Min) -10/Mines (discovered 2 exits: *Mat x2) -9/Materials (discovered 5 exits: *Mat x3 / [*Min x2]) History --------- Turn | Location | Event 1 | -11/Scrapyard | Discovered new exit (range 0) 1 | -11/Scrapyard | Entered Materials 317 | -10/Materials | Build established: Mutant 662 | -10/Materials | Central database locked down 744 | -10/Materials | Discovered new exit (range 9) 951 | -10/Materials | Identified exit to Mines 1099 | -10/Materials | Discovered new exit (range 10) 1209 | -10/Materials | Discovered new exit (range 16) 1536 | -10/Materials | Entered Mines 1536 | -10/Mines | Accompanied by 1 ally 1582 | -10/Mines | Lost 3 parts (1p2n) 1587 | -10/Mines | Learned Materials stockpile data 2172 | -10/Mines | Learned location of Storage (-7) 2402 | -10/Mines | A weapon hastily lodged in a ceiling crevice suddenly fell to the ground 2423 | -10/Mines | Discovered new exit (range 15) 2464 | -10/Mines | Received a Rocket Launcher from a helpful Derelict 2479 | -10/Mines | Learned 2 Materials zone layouts 2675 | -10/Mines | Discovered new exit (range 8) 2824 | -10/Mines | Entered Materials 2824 | -9/Materials | Accompanied by 1 ally 2824 | -9/Materials | Evolved 2 slots: Utility x2 2825 | -9/Materials | Identified exit to Materials 2829 | -9/Materials | Led the pair of lost Derelicts to an unsafe place 3295 | -9/Materials | Discovered new exit (range 13) 3370 | -9/Materials | Discovered exit to Materials (range 8) 3506 | -9/Materials | Discovered new exit (range 15) 4092 | -9/Materials | Build established: Scavenger-Mutant 4648 | -9/Materials | Discovered exit to Materials (range 7) 4712 | -9/Materials | Build established: Mutant 5224 | -9/Materials | First assault squad dispatched 5259 | -9/Materials | Core integrity fell below 50% 5281 | -9/Materials | Core integrity fell below 20% 5291 | -9/Materials | Destroyed by L-31 Rogue with Katana Last Messages --------------- 05256_ Med. Armor Plating destroyed. 05256_ Destroyed Med. Armor Plating. 05258_ Adv. EMP Blaster severed. 05258_ U-05 Engineer builds a Wall. 05260_ G-47 Trooper misfires. 05262_ U-05 Engineer lays Concrete. 05265_ Hvy. Ion Engine severed. 05265_ Acquired Hvy. Ion Engine. 05267_ L-31 Rogue suffers critical hit (Burn). 05269_ Arm. Wheel destroyed. 05274_ G-47 Trooper misfires. 05276_ Med. Armor Plating severed. 05278_ G-47 Trooper misfires. 05279_ Cooling System severed. 05279_ Acquired Med. Armor Plating. 05282_ Imp. Targeting Computer destroyed. 05282_ Pulse Rifle destroyed. 05282_ Med. Armor Plating destroyed. 05290_ Hvy. Ion Engine destroyed. 05290_ M-13 Machinist repairs L-31 Rogue. Map ----- +----------------------------------------------------+ | ## """ """ # # + """""# | | ## """ """ # + ### # """""# | | ## # ## ################## # """ # | | ?########### ## #??????# + # # | | ## # ## #??????# # ########### | | # * T #######%#??????# # ## #?? | | ## = ####### ####???# ?# ## #?? | | ?# %+ % % #???########### *## """ #?? | | ?# # #+######### *+% ## """ #?? | | ########+### % %# # #* ## """ #?? | | %+ # #=*## #?? | | ###### ## # #* ## """ #?? | | #????# ## # # ## """ #?? | | #????# ## # # ## """ #?? | | #############????#+## # # ## #?? | | #??????????? # # # ## ### | | """ #?????????"" # ####### ## # " | | ""?????????? """ #####;#####??# #####+### " | | ""?????????# """ #?# % #####" *% ## # " | | ???????? #?# =%[=! ## # | | ####???????# "" "" #?# % %* %= ## + | | ???????????# ""S"" #?# ggi %[%%[[ ##] # | | ???????????? """" #?# ] ####### ## # | | ????????????? #?## m ##?????## #### ## | | ??????????????##########ll ######### #??# #### | | ??????????????# #%@ # # #??# #??? | | ??????? #???# """"" # # # #??# #??? | | ?????"" #??# ""T"" #% # # #??# #??? | | ##??? #??# + + % # #??# #??? | | ???! #??# # # # #### #### | | "" ??" < #??# """ # ### # | | "" #?| #??# """ # #?# + % < | | "" #? #??# """ #%#?# # | | #??" ???# # #?#] = # #######+### | | #??# #???########## #?# # #???# | | #??# #????????????# #?# # #???# "" | | #??# ##############+#####+##### #???# "" | | #+##??#^ ## # [#???? ##### T" | | # ##### ## """ # #???? + "" | | # #T## # """ # """ +???? ##### | | # # """ # """ #???################+# | | + + ! # """ #???? #????# # | | # %[ # """ #! #? ? #????# # | | # ##[ # """ !# """ +? ? #????# # | | # ### ## """ # """ #? ? #????# # | | + #?# ## # """ +? + #????# # | | # #?# ###+####### #? # #????# # | | # #?# ### #?????# #?# # #????# | | #===#?# #?????#+#####/#?# # #????# | | #=%=#?## #### #?????# #???# #?# ###########????# | +----------------------------------------------------+ Best States ------------- Heat Dissipation 50 Energy Generation 14 Energy Capacity 280 Matter Stores 300 Matter Capacity 300 Sight Range 16 Terrain Scan Density 10 Armor Coverage 225 Evasion (%) 55 Targeting Accuracy 6 Recoil Reduction 2 Item Schematics ----------------- None Robot Schematics ------------------ None Fabricated ------------ Nothing Alien Tech Used ----------------- None Achievements -------------- None Challenges ------------ None Game ------ Seed AuthchipDerelictAnalyzer Manual? 0 Play Time 00:19:40 Cumulative 163.0 hours Start 2024.11.18 @ 20:15:59 End 2024.11.21 @ 20:14:20 Sessions 3 Manual Loads 0 Difficulty Rogue Special Mode None Game No. 267 Rogue 266 Adventurer 1 Explorer 0 Win Type - Total 2 Types 2/0/0/0/0/0/0/0/0 Lore% 75 Gallery% 72 Achievement% 55 Wizard Run 0 Options --------- Layout 1 ASCII 0 Keyboard 0 Movement Mouse Keybinds 0 Fullscreen 2 Font 20/SmallcapsGlow Map View 54x42 Zoom Use 0% Tactical HUD 1 Map Filters NONE Filters NONE Steam 0 RUN: b886b37a-f3c2-4040-9408-e7a41189e3df